 Dungeon Crawl Stone Soup version 0.30-a0-253-g6b895097cc (webtiles) character file.

Game seed: 17840812250348646944

145422 Weizan the Bewitcher (level 16, -5/84 HPs)
             Began as a Spriggan Enchanter on Oct 11, 2022.
             Was the Champion of Dithmenos.
             Slain by a phantasmal warrior (38 damage)
             ... on level 1 of the Elven Halls on Oct 13, 2022.
             The game lasted 01:58:36 (31531 turns).

Weizan the Bewitcher (Spriggan Enchanter)          Turns: 31531, Time: 01:58:36

Health: -5/84      AC: 14    Str: 10    XL:     16   Next: 87%
Magic:  21/36      EV: 29    Int: 23    God:    Dithmenos [******]
Gold:   4530       SH:  0    Dex: 19    Spells: 20/46 levels left

rFire   . . .      SeeInvis +    S - +5 quick blade (elec)
rCold   . . .      Faith    .    (no shield)
rNeg    . . .      Spirit   .    l - +2 robe {Will+}
rPois   .          Reflect  .    I - +2 hat
rElec   .          Harm     .    C - +1 cloak of the Ego {Int+4 Dex+4}
rCorr   .          Rampage  .    (gloves unavailable)
Will    +++..                    (boots unavailable) Stlth ****++++++
                                 A - amulet of regeneration
HPRegen 1.14/turn                n - ring of wizardry
MPRegen 0.25/turn                o - +4 ring of protection

@: slowed, wreathed by umbra, invisible, quick
A: very small, no large weapons, unfitting armour, see invisible, speed 3, horns
1, iridescent scales 1
a: Renounce Religion, Shadow Step, Shadow Form


You were on level 1 of the Elven Halls.
You worshipped Dithmenos.
Dithmenos was exalted by your worship.
You visited 6 branches of the dungeon, and saw 27 of its levels.

You collected 5309 gold pieces.
You spent 779 gold pieces at shops.

Inventory:

Hand Weapons
 S - a +5 quick blade of electrocution (weapon)
Missiles
 i - 6 throwing nets (quivered)
 y - 6 atropa-tipped darts
 z - 5 curare-tipped darts
 P - 3 datura-tipped darts
Armour
 l - a +2 robe of willpower (worn)
 C - the +1 cloak of the Ego (worn) {Int+4 Dex+4}
   (You found it on level 2 of the Orcish Mines)

   Int:       It affects your intelligence (+4).
   Dex:       It affects your dexterity (+4).
 E - a scarf of resistance
 F - a +1 robe of the Archmagi
 I - a +2 hat (worn)
 J - a +1 robe of fire resistance
 L - a +1 robe of cold resistance
Jewellery
 c - a ring of poison resistance
 n - a ring of wizardry (left hand)
 o - a +4 ring of protection (right hand)
 w - the ring "Xeahop" {Str+3 Int+6}
   (You found it on level 2 of the Orcish Mines)

   [ring of intelligence]

   Str:       It affects your strength (+3).
   Int:       It affects your intelligence (+6).
 A - an amulet of regeneration (around neck)
 R - a ring of resist corrosion
Wands
 g - a wand of charming (46)
 k - a wand of roots (7)
 m - a wand of digging (7)
 v - a wand of mindburst (10)
 Q - a wand of flame (14)
Scrolls
 b - 16 scrolls of identify
 f - 6 scrolls of blinking
 t - 8 scrolls of teleportation
 x - 3 scrolls of fog
 G - 2 scrolls of fear
 M - 2 scrolls of enchant armour
 O - a scroll of magic mapping
 T - a scroll of brand weapon
 U - 2 scrolls of vulnerability
Potions
 d - 4 potions of haste
 e - 9 potions of lignification
 h - a potion of heal wounds
 j - 2 potions of magic
 p - a potion of resistance
 q - 11 potions of brilliance
 r - a potion of flight
 s - 9 potions of curing
 u - 3 potions of mutation
 D - 3 potions of cancellation
 K - 3 potions of ambrosia
Miscellaneous
 B - a phantom mirror
 H - a phial of floods
 N - a tin of tremorstones (1/2)


   Skills:
 + Level 9.5 Fighting
 - Level 12.0 Short Blades
 + Level 14.6 Dodging
 + Level 19.5 Stealth
 + Level 15.8 Spellcasting
 + Level 20.3 Hexes


You had 20 spell levels left.
You knew the following spells:

 Your Spells              Type           Power      Damage    Failure   Level
a - Ensorcelled Hibernat  Hex/Ice        100%       N/A       1%          2
b - Tukima's Dance        Hex            84%        N/A       0%          3
c - Dazzling Flash        Conj/Hex       100%       N/A       1%          3
d - Confusing Touch       Hex            84%        N/A       0%          3
e - Discord               Hex            42%        N/A       1%          8
f - Summon Guardian Gole  Hex/Summ       60%        N/A       1%          3
g - Dispel Undead         Necr           18%        3d11      12%         4

Your spell library contained the following spells:

 Spells                   Type           Power      Damage    Failure   Level
 Beastly Appendage        Tmut           36%        N/A       1%          1
 Kiss of Death            Conj/Necr      72%        2d10      1%          1
 Summon Small Mammal      Summ           72%        N/A       1%          1
 Cigotuvi's Dreadful Rot  Necr/Pois/Air  36%        N/A       1%          2
 Momentum Strike          Conj/Tloc      36%        3d9       1%          2
 Passwall                 Tmut/Erth      15%        N/A       1%          2
 Poisonous Vapours        Pois/Air       36%        N/A       1%          2
 Searing Ray              Conj           36%        2d5       1%          2
 Static Discharge         Conj/Air       36%        2-4/arc   1%          2
 Sublimation of Blood     Necr           18%        N/A       1%          2
 Anguish                  Hex/Necr       30%        N/A       1%          4
 Call Canine Familiar     Summ           18%        N/A       4%          3
 Mephitic Cloud           Conj/Pois/Air  18%        N/A       4%          3
 Spider Form              Tmut/Pois      18%        N/A       4%          3
 Vhi's Electric Charge    Tloc/Air       36%        N/A       4%          3
 Petrify                  Tmut/Erth      18%        N/A       12%         4
 Arcjolt                  Conj/Air       9%         1d19      32%         5
 Irradiate                Conj/Tmut      9%         3d14      32%         5
 Lightning Bolt           Conj/Air       9%         1d21      32%         5
 Conjure Ball Lightning   Conj/Air       9%         3x3d6     86%         6
 Statue Form              Tmut/Erth      12%        N/A       86%         6
 Dragon Form              Tmut           9%         N/A       100%        7
 Disjunction              Tloc           9%         N/A       100%        8
 Maxwell's Capacitive Co  Air            9%         ∞         100%        8


Dungeon Overview and Level Annotations

Branches:
Dungeon (15/15)            Temple (1/1) D:6            Lair (5/5) D:9
  Swamp (0/4) Lair:2        Snake (3/4) Lair:3        Slime (0/5) Lair:4
    Orc (2/2) D:9             Elf (1/3) Orc:2        Vaults (0/5) D:13
 Depths (0/4) D:15

Altars:
Ashenzari
Cheibriados
Dithmenos
Gozag
Hepliaklqana
Nemelex Xobeh
Qazlal
Ru
Sif Muna
Trog
Uskayaw
Vehumet
Wu Jian
Xom
Jiyva

Shops:
D:3 (   D:12 *   D:15 =   Orc:1 (   Orc:2 !(:*   Snake:2 =[=   Snake:3 (

Annotations:
Elf:1 6 runed translucent doors


Innate Abilities, Weirdness & Mutations

You are very small and have problems with some larger weapons.
You are too small for most types of armour.
You have supernaturally acute eyesight. (SInv)
You cover ground extremely quickly. (Speed+++)
You have a pair of small horns on your head.
You are partially covered in iridescent scales. (AC +2)


Message History

The ancient champion flies into a frenzy!
The vampire knight shouts!
The vampire knight resists with almost no effort.
The deep elf death mage resists with almost no effort.
The curse skull gives a chilling moan.
The flying skull completely misses the lost soul.
The flying skull gives a hideous shriek!
The ancient champion hits the vampire knight with a +3 great sword of draining!!
The phantasmal warrior completely misses you.
The flying skull hits the lost soul!
The flying skull hits the lost soul.
The eidolon hits you. The eidolon drains your vigour!
You feel yourself slow down. The eidolon hits you.
The deep elf death mage misses you.
A vampire comes into view.
The deep elf death mage beckons forth a restless soul!
A vampire knight comes into view. It is wielding a +0 long sword.
The vampire knight hits the ancient champion with a +0 battleaxe!
The vampire knight bites the ancient champion!
The jiangshi claws you but does no damage.
The jiangshi closely misses you.
The ghoul claws the ancient champion but does no damage.
The ghoul claws the ancient champion!!!
The phantasmal warrior hits you!!
You emit a cloud of dark smoke.
The ancient champion hits the vampire knight with a +3 great sword of draining!!
The flying skull barely misses the lost soul.
The flying skull closely misses the ghoul.
The flying skull hits the lost soul!
The lost soul is destroyed!
The flying skull closely misses the ghoul.
The eidolon closely misses you.
The eidolon hits you but does no damage.
The vampire knight mumbles some strange words.
The vampire knight flickers and vanishes for a moment.
The ancient champion closely misses the ghoul.
The ghoul barely misses the ancient champion.
The ghoul closely misses the ancient champion.
The phantasmal warrior closely misses the deep elf death mage.
The flying skull hits the jiangshi but does no damage.
The phantasmal warrior hits you!!!
You die...

#...#...####)..#.#
##'####....)...#.#
##8.8###....))..#.#
##.....##........#.#
#8.....8##########.##
#[..⌠..!#............
#8.....8#............
##.....##............
##§@8#############'#
##.W§W.##............
#8.§ez.8#............
#!.V§§.!#............
#8z....8#............
##..z..##............
##8n8###............
...z. #............


V.eVV ######'###### You could see an eidolon, a deep elf death mage, a curse
skull and a neutral phantasmal warrior (fast, strong, insane, distracted).

Vanquished Creatures
  Mlioglotl (Snake:3)
  Roxanne (Snake:1)
  Aizul (Snake:3)
  The ghost of twist the Transmogrifier, a journeyman OpTm of Gozag (Orc:2)
  Nessos (D:12)
  A deep elf demonologist (Elf:1)
  A dire elephant (D:15)
  2 fire dragons
  A deep elf death mage (Elf:1)
  Snorg (D:12)
  A great orb of eyes (D:15)
  2 deep elf high priests (Elf:1)
  Josephine (D:14)
  Fannar (Lair:2)
  2 hydras
  Harold (D:9)
  An ogre mage (D:15)
  4 vault guards (D:13)
  2 catoblepae (Lair:5)
  2 anacondas (Snake:1)
  9 two-headed ogres
  A death knight (D:10)
  6 centaur warriors
  A deep troll shaman (Lair:5)
  2 boulder beetles (D:14)
  3 naga warriors (Snake:1)
  11 death yaks
  3 orc high priests (Orc:2)
  4 shock serpents
  4 deep elf knights (Elf:1)
  Sonja (D:11)
  2 naga sharpshooters
  4 skeletal warriors (D:12)
  Amaemon (Lair:3)
  Lodul (D:12)
  4 salamander mystics
  3 elf simulacra (Elf:1)
  A naga ritualist (Snake:1)
  9 deep elf archers (Elf:1)
  9 deep elf zephyrmancers (Elf:1)
  2 wizards
  A lindwurm (Lair:5)
  An ugly thing (D:13)
  10 orc knights
  3 mana vipers
  A wolf spider (D:15)
  11 deep elf pyromancers
  7 orc sorcerers
  6 cyclopes
  4 manticores
  13 salamanders
  8 elephants
  22 black mambas
  A guardian serpent (Snake:1)
  Maurice (D:9)
  2 naga magi
  A cane toad (shapeshifter) (D:12)
  A spectral elf (Elf:1)
  Maggie (Lair:2)
  4 gargoyles
  11 cane toads
  An orange demon (Lair:3)
  A kobold demonologist (D:11)
  8 rime drakes
  5 komodo dragons
  A yaktaur (D:13)
  3 efreet
  2 freezing wraiths
  A queen bee (shapeshifter) (D:13)
  6 trolls
  A wolf spider simulacrum (D:14)
  3 meliai (D:15)
  A tarantella (shapeshifter) (Elf:1)
  A slime creature (D:10)
  A polar bear (Lair:5)
  4 dream sheep (Lair:5)
  20 blink frogs
  3 air elementals (Elf:1)
  4 wyverns
  A vampire (D:11)
  3 water elementals (Elf:1)
  2 shadows (D:10)
  6 wraiths
  33 yaks
  2 basilisks
  2 fire elementals (Elf:1)
  A golden eye (shapeshifter) (Elf:1)
  2 wargs
  7 vampire mosquitoes
  A steam dragon (D:8)
  20 nagas
  The ghost of Smoky173 the Caller, an amateur OpSu (D:7)
  4 water moccasins
  2 acid dragons
  29 orc warriors
  A sky beast (D:4)
  4 black bears
  3 ice beasts
  8 wolves
  A boggart (D:10)
  12 ogres
  11 centaurs
  4 kobold brigands
  3 necrophages
  9 bullfrogs
  A gnoll sergeant (D:5)
  An earth elemental (Elf:1)
  A scorpion (D:4)
  6 killer bees (D:9)
  3 howler monkeys
  10 electric eels
  2 jellies (D:7)
  22 orc priests
  5 hounds
  A gnoll bouda (D:9)
  An iguana (D:4)
  32 orc wizards
  18 hell rats
  Natasha (thrice) (D:3)
  8 adders
  11 gnolls
  A shadow imp (D:6)
  A white imp (D:7)
  2 ufetubi
  5 worms
  3 dart slugs
  65 orcs
  10 endoplasms
  5 giant cockroaches
  4 goblins
  13 hobgoblins
  4 quokkas
  5 ball pythons
  7 bats
  2 frilled lizards
  14 kobolds
  4 rats
  2 lost souls (Elf:1)
728 creatures vanquished.

Vanquished Creatures (collateral kills)
  A vault guard (D:13)
  A dancing weapon (Elf:1)
  A naga sharpshooter (Snake:3)
  2 naga warriors
  A salamander mystic (Snake:3)
  A naga ritualist (Snake:3)
  A deep elf archer (Elf:1)
  A deep elf pyromancer (Elf:1)
  2 deep elf zephyrmancers (Elf:1)
  A cyclops (D:10)
  2 salamanders (Snake:3)
  A guardian serpent (Snake:1)
  4 naga magi (Snake:3)
  A black mamba (Snake:3)
  A human (D:13)
  2 yaks
  Grum (D:9)
  6 nagas
  3 orc warriors
  A kobold brigand (D:10)
  2 gnoll sergeants
  5 gnolls
  6 orcs
  A giant cockroach (D:3)
  A lost soul (Elf:1)
49 creatures vanquished.

Vanquished Creatures (others)
  A deep elf knight (D:13)
  5 yaks
  18 dancing weapons
  An orc priest (D:10)
  An orc wizard (D:3)
  A gnoll (D:2)
  4 orcs
  A bush (D:13)
  19 fungi
  29 plants
80 creatures vanquished.

Grand Total: 857 creatures vanquished

Notes
Turn   | Place    | Note
-------+----------+-------------------------------------------
     0 | D:1      | Weizan the Spriggan Enchanter began the quest for the Orb.
     0 | D:1      | Reached XP level 1. HP: 9/9 MP: 5/5
   387 | D:1      | Reached skill level 4 in Hexes
   387 | D:1      | Reached XP level 2. HP: 13/13 MP: 7/7
   390 | D:1      | Learned a level 2 spell: Ensorcelled Hibernation
   714 | D:1      | Reached XP level 3. HP: 16/16 MP: 9/9
   718 | D:1      | Learned a level 3 spell: Tukima's Dance
   722 | D:1      | Learned a level 3 spell: Confusing Touch
  1913 | D:3      | Found a shimmering blue altar of Sif Muna.
  1955 | D:3      | Reached XP level 4. HP: 21/21 MP: 11/11
  1968 | D:3      | Reached skill level 5 in Hexes
  2010 | D:3      | Identified a scroll of acquirement
  2010 | D:3      | Acquired 527 gold pieces
  2035 | D:3      | Noticed Natasha
  2043 | D:3      | Killed Natasha
  2054 | D:3      | Noticed Natasha
  2087 | D:3      | Killed Natasha
  2088 | D:3      | Reached skill level 5 in Spellcasting
  2088 | D:3      | Reached XP level 5. HP: 19/24 MP: 2/13
  2186 | D:3      | Found a sacrificial altar of Ru.
  2437 | D:3      | Found Gankaqur's Antique Weapon Shop.
  2456 | D:3      | Noticed Natasha
  2467 | D:3      | Killed Natasha
  2483 | D:3      | Reached skill level 5 in Stealth
  3014 | D:4      | Noticed a sky beast
  3037 | D:4      | Killed a sky beast
  3038 | D:4      | Reached skill level 6 in Hexes
  3038 | D:4      | Reached XP level 6. HP: 14/28 MP: 6/15
  3173 | D:4      | Found a hide-covered altar of Uskayaw.
  3375 | D:4      | Found a shadowy altar of Dithmenos.
  3387 | D:4      | Became a worshipper of Dithmenos the Shadowed
  3481 | D:4      | Found a shimmering altar of Xom.
  3482 | D:4      | Found a hazy altar of Hepliaklqana.
  3483 | D:4      | Noticed a spectral ugly thing
  3644 | D:4      | Noticed an air elemental
  3646 | D:4      | Found a stormy altar of Qazlal.
  3651 | D:4      | Learned a level 3 spell: Dazzling Flash
  3653 | D:4      | Noticed a water elemental
  3653 | D:4      | Noticed a fire elemental
  3672 | D:4      | You fall into a shaft and drop 3 floors!
  3703 | D:7      | Gained mutation: You sometimes lose your temper in combat.
                  | [potion of mutation]
  3703 | D:7      | Lost mutation: You sometimes lose your temper in combat.
                  | [potion of mutation]
  3778 | D:6      | Found a sparkling altar of Nemelex Xobeh.
  3798 | D:5      | Entered Level 5 of the Dungeon
  3847 | D:5      | Gained mutation: You are covered in fur. (AC +1) [potion of
                  | mutation]
  3847 | D:5      | Gained mutation: You sometimes lose your temper in combat.
                  | [potion of mutation]
  3847 | D:5      | Gained mutation: You are partially covered in iridescent
                  | scales. (AC +2) [potion of mutation]
  4058 | D:5      | Reached XP level 7. HP: 28/32 MP: 11/17
  4163 | D:5      | Reached skill level 7 in Hexes
  4467 | D:5      | Reached * piety under Dithmenos
  4947 | D:6      | Reached XP level 8. HP: 36/36 MP: 13/20
  5105 | D:6      | Found a staircase to the Ecumenical Temple.
  5113 | Temple   | Entered the Ecumenical Temple
  5196 | D:6      | Reached skill level 8 in Hexes
  5321 | D:6      | Lost mutation: You are covered in fur. (AC +1) [potion of
                  | mutation]
  5321 | D:6      | Lost mutation: You sometimes lose your temper in combat.
                  | [potion of mutation]
  5321 | D:6      | Gained mutation: You have a pair of small horns on your
                  | head. [potion of mutation]
  5460 | D:6      | Identified the +1 leather armour of Buamor {rC+ rCorr}
  6152 | D:7      | Found a snail-covered altar of Cheibriados.
  6326 | D:7      | Found a runed translucent gate.
  6328 | D:7      | Found a runed translucent gate.
  6328 | D:7      | Found a runed translucent gate.
  6330 | D:7      | Noticed Smoky173's ghost (amateur OpSu)
  6349 | D:7      | Killed Smoky173's ghost
  6359 | D:7      | Reached skill level 10 in Stealth
  6447 | D:7      | Reached skill level 9 in Hexes
  6519 | D:7      | Reached ** piety under Dithmenos
  6600 | D:7      | Reached XP level 9. HP: 34/39 MP: 16/22
  7124 | D:8      | Reached skill level 1 in Fighting
  7961 | D:9      | Reached *** piety under Dithmenos
  8060 | D:9      | Found a staircase to the Lair.
  8154 | D:9      | Noticed a troll
  8166 | D:9      | Killed a troll
  8189 | D:9      | Reached skill level 10 in Hexes
  8192 | D:9      | Noticed Grum
  8196 | D:9      | Reached skill level 5 in Dodging
  8202 | D:9      | Killed Grum
  8435 | D:9      | Found a staircase to the Orcish Mines.
  8456 | D:9      | Reached XP level 10. HP: 47/47 MP: 19/24
  8468 | D:9      | Reached skill level 10 in Spellcasting
  8832 | D:9      | Noticed Maurice
  8838 | D:9      | Killed Maurice
  8847 | D:9      | Found a bloodstained altar of Trog.
  8945 | D:9      | Noticed Harold
  8977 | D:9      | Killed Harold
  9027 | D:9      | Reached skill level 5 in Short Blades
  9134 | D:9      | Found an ornate altar of the Wu Jian Council.
  9204 | D:9      | Reached **** piety under Dithmenos
  9226 | D:9      | HP: 1/49 [efreet/fireball (17)]
 10115 | D:10     | Entered Level 10 of the Dungeon
 10460 | D:10     | Found a radiant altar of Vehumet.
 10516 | D:10     | Reached XP level 11. HP: 53/53 MP: 22/26
 10517 | D:10     | Found an opulent altar of Gozag.
 10527 | D:10     | Reached skill level 11 in Hexes
 10665 | D:10     | Found a broken altar of Ashenzari.
 10870 | D:10     | Noticed a wizard
 10875 | D:10     | Noticed a centaur warrior
 10881 | D:10     | Killed a wizard
 10883 | D:10     | Noticed a death knight
 11092 | D:10     | Killed a death knight
 11332 | D:10     | Killed a centaur warrior
 11409 | D:10     | Got Witchcraft in Simple Steps
 11629 | D:10     | Noticed a two-headed ogre
 11665 | D:10     | Killed a two-headed ogre
 11723 | D:11     | Noticed a two-headed ogre
 11919 | D:11     | Reached skill level 5 in Fighting
 12202 | D:11     | Noticed Sonja
 12222 | D:11     | Killed Sonja
 12256 | D:11     | Noticed a two-headed ogre
 12264 | D:11     | Killed a two-headed ogre
 12265 | D:11     | Reached skill level 12 in Hexes
 12265 | D:11     | Reached XP level 12. HP: 60/60 MP: 28/28
 12625 | D:12     | Noticed Nessos
 12627 | D:12     | Killed Nessos
 12655 | D:12     | Upgraded the game from 0.30-a0-241-g1121274140 to
                  | 0.30-a0-243-gaa749bd8e4
 12784 | D:12     | Reached ***** piety under Dithmenos
 12941 | D:12     | Reached skill level 15 in Stealth
 13090 | D:12     | Noticed Lodul
 13090 | D:12     | Noticed Snorg
 13101 | D:12     | Killed Lodul
 13155 | D:12     | Killed Snorg
 13156 | D:12     | Reached skill level 10 in Dodging
 13204 | D:12     | Found Igack's General Store.
 13220 | D:12     | Bought a scroll of fear for 64 gold pieces
 13510 | D:13     | Noticed a two-headed ogre
 13514 | D:13     | Killed a two-headed ogre
 13590 | D:13     | Noticed a centaur warrior
 13606 | D:13     | Killed a centaur warrior
 13663 | D:13     | Noticed a vault guard
 13750 | D:13     | Killed a vault guard
 13890 | D:13     | Noticed a vault guard
 13924 | D:13     | Killed a vault guard
 14140 | D:13     | Noticed a vault guard
 14152 | D:13     | Killed a vault guard
 14167 | D:13     | Reached skill level 13 in Hexes
 14167 | D:13     | Reached XP level 13. HP: 65/65 MP: 23/30
 14476 | D:13     | Found a gate to the Vaults.
 15627 | D:14     | Noticed a fire dragon
 15640 | D:14     | Killed a fire dragon
 15666 | D:14     | Noticed Josephine
 15673 | D:14     | Killed Josephine
 16373 | Lair:1   | Entered Level 1 of the Lair of Beasts
 17177 | Lair:2   | Found a staircase to the Swamp.
 17184 | Lair:2   | Noticed Maggie
 17262 | Lair:2   | Killed Maggie
 17429 | Lair:2   | Noticed Fannar
 17432 | Lair:2   | Killed Fannar
 18497 | Lair:3   | Reached skill level 10 in Short Blades
 18502 | Lair:3   | Reached XP level 14. HP: 59/72 MP: 10/32
 18537 | Lair:3   | Reached skill level 14 in Hexes
 18857 | Lair:3   | Noticed Amaemon
 18860 | Lair:3   | Killed Amaemon
 19149 | Lair:3   | Found a staircase to the Snake Pit.
 19843 | Lair:4   | Found a staircase to the Slime Pits.
 19844 | Lair:4   | Found a viscous altar of Jiyva.
 20183 | Lair:5   | Entered Level 5 of the Lair of Beasts
 20668 | Lair:5   | Reached ****** piety under Dithmenos
 21644 | Lair:5   | Identified the +3 buckler of the Leaping Gods {rPois Str-5
                  | Int+2 Slay+4}
 21834 | Orc:1    | Entered Level 1 of the Orcish Mines
 21918 | Orc:1    | Found Dura's Weapon Emporium.
 22099 | Orc:2    | Entered Level 2 of the Orcish Mines
 22242 | Orc:1    | Reached XP level 15. HP: 74/78 MP: 22/34
 22630 | Orc:1    | Reached skill level 15 in Hexes
 22737 | Orc:2    | Found a staircase to the Elven Halls.
 22892 | Orc:2    | Found a runed translucent gate.
 22892 | Orc:2    | Found a runed translucent gate.
 22892 | Orc:2    | Found a runed translucent gate.
 22994 | Orc:2    | Identified the +1 chain mail "Turising" {rN+ Slay+3}
 22997 | Orc:2    | Noticed twist's ghost (journeyman OpTm)
 23585 | Orc:2    | Reached skill level 15 in Spellcasting
 23855 | Orc:2    | Found Gigos's Book Shoppe.
 23855 | Orc:2    | Found Kaimal's General Store.
 23857 | Orc:2    | Found Syastrokk's Distillery.
 23857 | Orc:2    | Found Domahec's Antique Weapon Boutique.
 23900 | Orc:2    | Bought a potion of brilliance for 52 gold pieces
 23900 | Orc:2    | Bought a potion of resistance for 130 gold pieces
 23900 | Orc:2    | Bought a potion of brilliance for 52 gold pieces
 23900 | Orc:2    | Bought a potion of ambrosia for 104 gold pieces
 23900 | Orc:2    | Bought a potion of heal wounds for 65 gold pieces
 23900 | Orc:2    | Bought a potion of curing for 39 gold pieces
 23900 | Orc:2    | Bought a potion of flight for 39 gold pieces
 23900 | Orc:2    | Bought a potion of brilliance for 52 gold pieces
 23900 | Orc:2    | Bought a potion of resistance for 130 gold pieces
 23900 | Orc:2    | Bought a potion of brilliance for 52 gold pieces
 24208 | Orc:2    | Killed twist's ghost
 24405 | Orc:2    | Identified the ring "Xeahop" {Str+3 Int+6}
 24411 | Orc:2    | Identified the +1 cloak of the Ego {Int+4 Dex+4}
 24727 | D:15     | Entered Level 15 of the Dungeon
 24809 | D:15     | Found Buji's Jewellery Shoppe.
 25453 | D:15     | Found a staircase to the Depths.
 25751 | Snake:1  | Entered Level 1 of the Snake Pit
 25816 | Snake:1  | Reached skill level 16 in Hexes
 25817 | Snake:1  | Identified Roxanne's Handbook of Variation
 25817 | Snake:1  | Noticed Roxanne
 26146 | Snake:1  | Acquired a +4 quick blade of electrocution
 26197 | Snake:1  | Learned a level 8 spell: Discord
 26817 | Snake:1  | Killed Roxanne
 26818 | Snake:1  | Reached skill level 17 in Hexes
 26906 | Snake:2  | Acquired 390 gold pieces
 26908 | Snake:2  | Found Ixis's Jewellery Shoppe.
 26916 | Snake:2  | Found Uddoug's Antique Armour Emporium.
 26920 | Snake:2  | Found Hoklayli's Jewellery Shoppe.
 27206 | Snake:2  | Reached XP level 16. HP: 84/84 MP: 36/36
 27476 | Snake:3  | Noticed Mlioglotl
 27613 | Snake:3  | Noticed a tentacled starspawn
 27617 | Snake:3  | Killed Mlioglotl
 27675 | Snake:3  | Reached skill level 18 in Hexes
 27901 | Snake:3  | Found Tulorin's Antique Weapon Emporium.
 28013 | Snake:3  | Noticed Aizul
 28020 | Snake:3  | Killed Aizul
 28456 | Snake:3  | Reached skill level 19 in Hexes
 29026 | Elf:1    | Entered Level 1 of the Elven Halls
 29622 | Elf:1    | Upgraded the game from 0.30-a0-243-gaa749bd8e4 to
                  | 0.30-a0-253-g6b895097cc
 29646 | Elf:1    | Reached skill level 20 in Hexes
 29700 | Elf:1    | Learned a level 3 spell: Summon Guardian Golem
 29705 | Elf:1    | Learned a level 4 spell: Dispel Undead
 29871 | Elf:1    | Paralysed by an air elemental for 1 turns
 29877 | Elf:1    | Paralysed by an air elemental for 1 turns
 30714 | Elf:1    | Paralysed by an air elemental for 1 turns
 31050 | Elf:1    | Noticed a Hell Sentinel
 31059 | Elf:1    | Noticed an Ice Fiend
 31254 | Elf:1    | Found a runed translucent gate.
 31254 | Elf:1    | Found a runed translucent gate.
 31254 | Elf:1    | Found a runed translucent gate.
 31254 | Elf:1    | Found a runed translucent gate.
 31254 | Elf:1    | Found a runed translucent gate.
 31255 | Elf:1    | Found a runed translucent gate.
 31255 | Elf:1    | Noticed a storm dragon
 31255 | Elf:1    | Noticed a shadow dragon
 31528 | Elf:1    | Noticed an ancient champion
 31531 | Elf:1    | Slain by a phantasmal warrior

Illustrated notes

Levels and vault maps discovered:
D:1:      minmay_arrival_diagonal_passages, layout_loops_corners,
          solitary_fountain, minmay_worlds_worst_comb
D:2:      layout_basic, kennysheep_small_spiral, kennysheep_crisscross
D:3:      layout_loops_ring, nicolae_ru_great_annihilating_truth,
          old_standard_altar, serial_shops, nicolae_shop_hallway_stairs,
          uniq_natasha
D:4:      layout_basic, regret_index_temple_of_mockery,
          grunt_dithmenos_smoke_and_mirrors, nicolae_qazlal_style_of_elements,
          eat_drink_and_be_merry_uskayaw
D:5:      layout_basic
D:6:      layout_loops_ring, mainiacjoe_overflow_catwalk,
          minmay_temple_entry_grid
D:7:      layout_loops_ring, slow_altar_2, ebering_ghost_rock_garden
D:8:      layout_loops_ring, nrook_mini_backslash, kennysheep_donut
D:9:      cheibrodos_two_vegetables, layout_loops_ring,
          nicolae_wu_jian_immortal_techniques,
          mainiacjoe_overflow_cross_hatched, erik_lair_island, uniq_grum,
          uniq_harold, uniq_maurice
D:10:     minmay_the_grid_triangle_9x9_recursive_2_mashed
          [minmay_the_grid_triangle_9x9_prize_center,
          minmay_the_grid_triangle_9x9_negative_grid,
          minmay_the_grid_triangle_9x9_sprig,
          minmay_the_grid_triangle_9x9_shrine], layout_rooms,
          amcnicky_altar_gilded, vehumet_crystals, nicolae_gozag_seed_capital,
          grunt_ministairs_15, minmay_statues_item, kennysheep_generic_room_2
D:11:     layout_long_grid, nicolae_lava_and_water, uniq_sonja
D:12:     layout_roguey, serial_shops, shop, uniq_lodul, uniq_nessos, uniq_snorg
D:13:     layout_loops_ring, grunt_vaults_entry_fortified, minmay_hedge_maze,
          chequers_serial_rivers_large_a, grunt_ministairs_11,
          hangedman_decor_diamond_cutter, kennysheep_decorative_pillar
D:14:     layout_irregular_city, due_unseen_surprise, uniq_josephine
D:15:     hangedman_depths_entry_try_elsewhere_first, layout_basic,
          minmay_misc_feat_ornament, serial_shops, nicolae_shop_crystal
Temple:   nicolae_temple_ecumenical_triangle
Lair:1:   layout_hall_layers, infiniplex_staircase_pool, grunt_megastairs_4,
          serial_bayou_shore_b
Lair:2:   layout_gridlike, minmay_swamp_entry_swarm,
          cheibrodos_lair_caveside_slide, uniq_fannar, uniq_maggie
Lair:3:   layout_long_grid, minmay_snake_entry_guardpost_large,
          patterned_corridor, uniq_amaemon
Lair:4:   beast_lair_carwin_large_3, layout_concentric_octagons, slime_entry_1
Lair:5:   grunt_lair_end_beastmaster, layout_regular_city, grunt_megastairs_3,
          lemuel_fruit_tree, lemuel_fruit_fields
Snake:1:  layout_misc_corridors, uniq_roxanne
Snake:2:  layout_rooms, grunt_ministairs_13, nicolae_snake_single_loop,
          minmay_shop_star
Snake:3:  layout_grid_maze, serial_shops, shop, uniq_mlioglotl, uniq_aizul
Orc:1:    layout_diamond_mine, serial_shops, shop, basic_altar
Orc:2:    grunt_orc_tribal_feast, layout_caves, biasface_ghost_orc_armoury
Elf:1:    layout_onion_city, orc_legates, nicolae_elf_deep_mausoleum,
          lemuel_upstairs_altar

Skill      XL: |  1  2  3  4  5  6  7  8  9 10 11 12 13 14 15 16 |
---------------+-------------------------------------------------+-----
Spellcasting   | 3 4 5 6 7 8 9 10 11 12 13 14 15 | 15.8
Hexes          | 4 5 6 7 9 10 12 13 14 17 20 | 20.3
Stealth        | 5 6 8 10 11 13 14 15 17 18 19 | 19.5
Dodging        | 5 7 9 10 11 13 14 | 14.6
Fighting       | 2 3 5 6 7 8 9 |  9.5
Short Blades   | 3 5 7 8 10 11 12 | 12.0

Action                   |  1- 3 |  4- 6 |  7- 9 | 10-12 | 13-15 | 16-18 || total
-------------------------+-------+-------+-------+-------+-------+-------++-------
Melee: Dagger            |   124 |   205 |   287 |   278 |  1192 |       ||  2086
       Punch             |     1 |     4 |     5 |     7 |    13 |    10 ||    40
       Headbutt          |       |       |    45 |    64 |   326 |   114 ||   549
       Quick blade       |       |       |       |       |   121 |   469 ||   590
Throw: Dart              |       |       |       |     2 |     1 |       ||     3
       Throwing net      |       |       |       |     1 |       |       ||     1
 Cast: Ensorcelled Hiber |     6 |    30 |    43 |    88 |    88 |     6 ||   261
       Tukima's Dance    |     2 |     1 |    14 |    41 |    33 |    13 ||   104
       Confusing Touch   |     1 |     5 |    13 |    12 |    20 |     6 ||    57
       Dazzling Flash    |       |       |       |       |   123 |    36 ||   159
       Discord           |       |       |       |       |     2 |    10 ||    12
       Dispel Undead     |       |       |       |       |       |     6 ||     6
Invok: Shadow Step       |       |       |       |     1 |     8 |     3 ||    12
Evoke: Wand              |     3 |     2 |       |    40 |    20 |       ||    65
       Phantom mirror    |       |       |       |     1 |     2 |       ||     3
       Tin of tremorston |       |       |       |       |       |     1 ||     1
  Use: Scroll            |     6 |    11 |     4 |     9 |    17 |     5 ||    52
       Potion            |       |     3 |     2 |     7 |     7 |     7 ||    26
 Stab: Sleeping          |    14 |    20 |    41 |    71 |   165 |    28 ||   339
       Confused          |       |     3 |    10 |    12 |    22 |     1 ||    48
       Paralysed         |       |     1 |       |       |       |       ||     1
       Distracted        |       |       |     1 |     3 |     8 |     5 ||    17
       Invisible         |       |       |       |     5 |    96 |    25 ||   126
Armor: Robe              |    11 |    38 |    61 |    32 |   151 |    33 ||   326
       Skin              |       |    11 |       |       |       |       ||    11
Dodge: Dodged            |    86 |   198 |   206 |   228 |  1159 |   211 ||  2088

Table legend: (Time is in decaauts)
 A = Elapsed time spent in this place.
 B = Non-inter-level travel time spent in this place.
 C = Inter-level travel time spent in this place.
 D = Time resting spent in this place.
 E = Time spent auto-exploring this place.
 F = Levels seen in this place.
 G = Mean time per level.
                   A        B        C        D        E       F      G
               +--------+--------+--------+--------+--------+-----+--------+
         Total |  22673 |  21409 |   1264 |   2551 |  13441 |  27 |  839.7 |
       Dungeon |  13012 |  12203 |    809 |   1676 |   7612 |  15 |  867.5 |
        Temple |      1 |      1 |      0 |      0 |      0 |   1 |    1.0 |
          Lair |   3699 |   3434 |    265 |      0 |   2517 |   5 |  739.8 |
     Snake Pit |   2173 |   2086 |     87 |    254 |   1352 |   3 |  724.3 |
  Orcish Mines |   2012 |   1912 |    100 |    195 |   1162 |   2 | 1006.0 |
   Elven Halls |   1774 |   1774 |      0 |    425 |    797 |   1 | 1774.0 |
               +--------+--------+--------+--------+--------+-----+--------+

Top non-repeatable levels by time:
     D:9: 2197 daAuts
   Elf:1: 1774 daAuts
   Orc:2: 1424 daAuts
    D:13: 1420 daAuts
    D:10: 1078 daAuts
  Lair:5: 1039 daAuts
     D:5: 954 daAuts
     D:3: 872 daAuts
  Lair:2: 860 daAuts
 Snake:3: 828 daAuts
    D:12: 777 daAuts
     D:7: 775 daAuts
 Snake:1: 771 daAuts
  Lair:3: 744 daAuts
     D:1: 698 daAuts
